 Dungeon Crawl Stone Soup version 0.28-a0-724-g66f9036eb4 (webtiles) character file.

Game seed: 17618760079188647533

369 kae the Chopper (level 6, -1/84 HPs)
             Began as a Hill Orc Cinder Acolyte on Oct 26, 2021.
             Was a High Priest of Ignis.
             Slain by an ogre (3 damage)
             ... on level 5 of the Dungeon.
             The game lasted 00:03:39 (4578 turns).

kae the Chopper (Hill Orc Cinder Acolyte)           Turns: 4578, Time: 00:03:40

Health: -1/84      AC: 23    Str: 17    XL:     6   Next: 70%
Magic:  0/9        EV:  2    Int: 16    God:    Ignis [*****.]
Gold:   166        SH:  0    Dex:  6    Spells: 7/9 levels left

rFire   + . .      SeeInvis .   a - -1 hand axe (flame)
rCold   . . .      Faith    .   (no shield)
rNeg    . . .      Spirit   +   (armour currently unavailable)
rPois   +          Reflect  .   (helmet currently unavailable)
rElec   .          Harm     .   (cloak currently unavailable)
rCorr   .          Rampage  .   (gloves currently unavailable)
Will    .....      NoTele   +   (boots currently unavailable)
Stlth   +.........              c - amulet of guardian spirit
HPRegen 0.24/turn               (no ring)
MPRegen 0.11/turn               (no ring)

@: tree-form, on berserk cooldown, slowed, very slow
A: stationary, stasis, torment immunity, boosted hp
a: Renounce Religion, Sea of Fire, Foxfire Swarm, Rising Flame


You were on level 5 of the Dungeon.
You worshipped Ignis.
Ignis was extremely pleased with you.
You were a tree.
You visited 1 branch of the dungeon, and saw 5 of its levels.

You collected 222 gold pieces.
You spent 56 gold pieces at shops.

Inventory:

Hand Weapons
 a - a -1 hand axe of flaming (weapon)
Armour
 b - a +0 robe
 f - a +3 ring mail of poison resistance (melded)
Jewellery
 c - an amulet of guardian spirit (around neck)
Wands
 o - a wand of flame (17)
Scrolls
 g - 2 scrolls of fog
 n - 2 scrolls of identify
 p - a scroll of enchant armour
 q - a scroll of teleportation
Potions
 e - 2 potions of mutation
 h - 4 potions of haste
 i - a potion of curing
 j - a potion of degeneration
 l - a potion of brilliance {unknown}
 m - a potion of attraction {unknown}


   Skills:
 + Level 5.0 Fighting
 * Level 6.8 Axes
 + Level 2.3 Spellcasting
 + Level 4.5 Fire Magic


You had 7 spell levels left.
You knew the following spells:

 Your Spells              Type           Power      Damage    Failure   Level
a - Scorch                Fire           32%        2d7       4%          2

Your spell library contained the following spells:

 Spells                   Type           Power      Damage    Failure   Level
 Conjure Ball Lightning   Conj/Air       0%         3x3d6     100%        6
 Discord                  Hex            0%         N/A       100%        8
 Disjunction              Tloc           0%         N/A       100%        8


Dungeon Overview and Level Annotations

Branches:
Dungeon (5/15)             Temple (0/1) D:4

Altars:

Shops:
D:2 !


Message History

An ogre comes into view. It is wielding a +0 giant spiked club.
A gnoll comes into view. It is wielding a +0 club.
Something hits you.
You miss something. Something hits you but does no damage. Something hits you.
Okay, then.
Really quaff the potion of lignification?
You turn into a tree.
Your +3 ring mail of poison resistance melds into your body.
You no longer feel resistant to poison.
Your roots penetrate the ground.
Something hits you but does no damage. The ogre hits you but does no damage.
You barely miss the ogre. You hit something. You burn something.
You hear some strange, mumbled words.
A magic dart appears from out of thin air!
The magic dart hits you but does no damage.
The ogre barely misses you. Something hits you but does no damage.
You hit the ogre. You burn the ogre.
The ogre is lightly wounded.
You hit something. You burn something.
Reactivating autopickup.
You feel a bit more experienced.
The ogre hits you with a +0 giant spiked club!
* * * LOW HITPOINT WARNING * * *
You slash the ogre! You burn the ogre.
The ogre is severely wounded.
You hit the gnoll. You burn the gnoll.
You hear the slow hiss of an avalanche of sand.
The ogre hits you with a +0 giant spiked club!!
* * * LOW HITPOINT WARNING * * *
The gnoll hits you with a +0 club.
* * * LOW HITPOINT WARNING * * *
The orc wizard mumbles some strange words.
The orc wizard flickers and vanishes!
Deactivating autopickup; reactivate with Ctrl-A.
The gnoll hits you but does no damage.
You hit the ogre. You burn the ogre.
The ogre is almost dead.
You hit the gnoll. You burn the gnoll. The ogre hits you but does no damage.
The gnoll hits you but does no damage.
The ogre hits you with a +0 giant spiked club.
You die...

## .. .. .# # #.
###.#.### #..
#<....... #..
#........
###..####.#......
#....{O..)######..
#.##.#g♣.........
##.##.#....)..#+#.
#.........)...#
#....>......###
#...........#
#...........#
#.............
#.............#
#.:............


You could see an ogre and a gnoll.

Vanquished Creatures
  2 phantoms
  Terence (D:2)
  An iguana (D:3)
  2 orc wizards
  A gnoll (D:5)
  4 adders
  An ufetubus (D:5)
  An adder skeleton (D:4)
  2 dart slugs
  7 orcs
  6 endoplasms
  2 giant cockroaches
  2 hobgoblins
  4 jackals (D:3)
  A quokka (D:1)
  6 ball pythons
  2 bats (D:2)
  6 frilled lizards
  5 goblins
  10 kobolds
  2 rats (D:2)
68 creatures vanquished.

Vanquished Creatures (others)
  2 plants (D:2)
2 creatures vanquished.

Grand Total: 70 creatures vanquished

Notes
Turn   | Place    | Note
-------+----------+-------------------------------------------
     0 | D:1      | kae the Hill Orc Cinder Acolyte began the quest for the
                  | Orb.
     0 | D:1      | Reached XP level 1. HP: 19/19 MP: 2/2
   705 | D:1      | Reached XP level 2. HP: 27/27 MP: 3/3
  1127 | D:2      | Reached XP level 3. HP: 27/33 MP: 4/4
  1314 | D:2      | Learned a level 2 spell: Scorch
  1471 | D:2      | Found a faded altar of an unknown god.
  1561 | D:2      | Noticed Terence
  1595 | D:2      | Killed Terence
  1596 | D:2      | Reached skill level 5 in Axes
  1596 | D:2      | Reached XP level 4. HP: 13/40 MP: 1/6
  2031 | D:2      | Found Jafyuloi's Distillery.
  2097 | D:2      | Bought a potion of degeneration for 14 gold pieces
  2097 | D:2      | Bought a potion of lignification for 42 gold pieces
  2614 | D:3      | Reached XP level 5. HP: 46/47 MP: 0/7
  3414 | D:4      | Noticed a phantom
  3507 | D:3      | Killed a phantom
  3508 | D:3      | Reached skill level 6 in Axes
  3867 | D:4      | Reached XP level 6. HP: 52/53 MP: 1/9
  4131 | D:4      | Found a staircase to the Ecumenical Temple.
  4526 | D:5      | Entered Level 5 of the Dungeon
  4565 | D:5      | Reached skill level 5 in Fighting
  4577 | D:5      | HP: 2/84 [ogre (18)]
  4578 | D:5      | Slain by an ogre

Illustrated notes

Levels and vault maps discovered:
D:1:      lightli_arrival_statue_moat, layout_loops_corners
D:2:      layout_rooms, serial_shops, nicolae_square_shop,
          shapermc_ecumenical_altar_acropolis, uniq_terence
D:3:      layout_basic
D:4:      layout_loops_ring, temple_statues
D:5:      layout_basic, nicolae_ossuary_entry_plus, minivault_24

Skill      XL: |  1  2  3  4  5  6 |
---------------+-------------------+-----
Fighting       | 4 5 |  5.0
Axes           | 5 6 |  6.8
Fire Magic     | 4 |  4.5
Spellcasting   | 2 |  2.3

Action                   |  1- 3 |  4- 6 || total
-------------------------+-------+-------++-------
Melee: Hand axe          |    93 |    91 ||   184
 Cast: Scorch            |     3 |    41 ||    44
  Use: Potion            |     2 |     2 ||     4
       Scroll            |       |     6 ||     6
Armor: Robe              |     3 |       ||     3
       Ring mail         |    38 |    67 ||   105
       Skin              |       |     7 ||     7
Dodge: Dodged            |    58 |    75 ||   133

Table legend: (Time is in decaauts)
 A = Elapsed time spent in this place.
 B = Non-inter-level travel time spent in this place.
 C = Inter-level travel time spent in this place.
 D = Time resting spent in this place.
 E = Time spent auto-exploring this place.
 F = Levels seen in this place.
 G = Mean time per level.
                   A        B        C        D        E       F      G
               +--------+--------+--------+--------+--------+-----+--------+
         Total |   4570 |   4446 |    124 |    470 |   3413 |   5 |  914.0 |
       Dungeon |   4570 |   4446 |    124 |    470 |   3413 |   5 |  914.0 |
               +--------+--------+--------+--------+--------+-----+--------+

Top non-repeatable levels by time:
     D:2: 1349 daAuts
     D:3: 1230 daAuts
     D:4: 969 daAuts
     D:1: 969 daAuts
     D:5: 51 daAuts
